[ AOE2 MATCH · #505659324 ]
UnrankedSaracens vs Vietnamese
Player's team · WIN
Rival team · LOSS
[ REPLAY ANALYSIS · EXTRACTED FROM THE RECORDED GAME ]
Feudal
10:17
Castle
20:22
Imperial
—
| APM avg | 67.8 |
| APM peak | 105 |
| eAPM avg | 27.5 |
| Villagers / military | 54 / 41 |
Focus
⚔️ 45.6% · 🌾 54.4%
Skirmisher ×32 · Militia ×5 · Monk ×3 · Spearman ×1
Feudal
8:27
Castle
23:58
Imperial
—
| APM avg | 69.7 |
| APM peak | 125 |
| eAPM avg | 27.4 |
| Villagers / military | 53 / 46 |
Focus
⚔️ 45.2% · 🌾 54.8%
Archer ×18 · Skirmisher ×15 · Scout Cavalry ×6 · Knight ×5 · Mangonel ×1 · Spearman ×1
Match map
Initial resources + every placement click. Lines = walls · curves = elevation contours. ◆ gold · ⬟ stone · ● berries · ✦ relic · ◌ wall gap
Your base· Open — unwalled flank
wisenatic's base· Open — unwalled flank
Smoothed initial terrain · ◌ = detected wall gap · hover for details
Inputs per minute
— FYI Inc - - wisenatic
Build order — FYI Inc
First 150 of 159 actions detected
| 0:01 | Create | Villager (Male) |
| 0:03 | Build | House |
| 0:04 | Build | House |
| 0:14 | Create | Villager (Male) |
| 0:14 | Create | Villager (Male) |
| 0:14 | Create | Villager (Male) |
| 1:27 | Create | Villager (Male) |
| 1:48 | Build | Lumber Camp |
| 1:53 | Create | Villager (Male) |
| 1:53 | Create | Villager (Male) |
| 2:27 | Create | Villager (Male) |
| 2:28 | Create | Villager (Male) |
| 2:51 | Create | Villager (Male) |
| 3:35 | Create | Villager (Male) |
| 3:35 | Create | Villager (Male) |
| 3:40 | Build | House |
| 3:57 | Create | Villager (Male) |
| 3:59 | Create | Villager (Male) |
| 4:46 | Create | Villager (Male) |
| 4:46 | Create | Villager (Male) |
| 5:12 | Build | Barracks |
| 5:19 | Create | Villager (Male) |
| 5:33 | Build | House |
| 5:45 | Create | Villager (Male) |
| 6:06 | Create | Militia |
| 6:06 | Create | Militia |
| 6:09 | Create | Villager (Male) |
| 6:18 | Research | Loom |
| 6:19 | Create | Militia |
| 6:20 | Create | Militia |
| 6:21 | Create | Militia |
| 6:47 | Build | Mill |
| 7:05 | Create | Villager (Male) |
| 7:23 | Build | House |
| 7:30 | Create | Villager (Male) |
| 8:07 | Research | Feudal Age |
| 8:45 | Build | House |
| 9:44 | Build | House |
| 10:17 | Age | Feudal Age |
| 10:18 | Research | Man-at-Arms (upgrade) |
| 10:18 | Research | Man-at-Arms (upgrade) |
| 10:19 | Create | Spearman |
| 10:20 | Create | Villager (Male) |
| 10:23 | Build | Archery Range |
| 10:27 | Build | Market |
| 10:34 | Create | Villager (Male) |
| 10:41 | Build | Farm |
| 10:42 | Build | Farm |
| 10:44 | Build | Farm |
| 11:01 | Create | Villager (Male) |
| 11:17 | Create | Skirmisher |
| 11:23 | Create | Villager (Male) |
| 11:39 | Build | Blacksmith |
| 11:41 | Build | Farm |
| 11:44 | Create | Villager (Male) |
| 11:53 | Create | Skirmisher |
| 12:12 | Build | Mining Camp |
| 12:14 | Research | Town Watch |
| 12:16 | Build | House |
| 12:31 | Create | Skirmisher |
| 12:33 | Research | Fletching |
| 12:39 | Build | Farm |
| 12:42 | Build | House |
| 12:51 | Create | Villager (Male) |
| 12:55 | Create | Skirmisher |
| 12:55 | Create | Skirmisher |
| 12:57 | Create | Villager (Male) |
| 13:16 | Build | House |
| 13:18 | Build | Farm |
| 13:26 | Create | Skirmisher |
| 13:26 | Create | Skirmisher |
| 13:38 | Research | Padded Archer Armor |
| 13:38 | Create | Villager (Male) |
| 13:46 | Build | Farm |
| 13:53 | Create | Skirmisher |
| 13:54 | Create | Villager (Male) |
| 14:08 | Create | Skirmisher |
| 14:12 | Research | Double-Bit Axe |
| 14:12 | Research | Double-Bit Axe |
| 14:32 | Create | Villager (Male) |
| 14:35 | Build | Farm |
| 14:49 | Create | Skirmisher |
| 15:02 | Create | Villager (Male) |
| 15:03 | Create | Skirmisher |
| 15:25 | Create | Villager (Male) |
| 15:41 | Create | Villager (Male) |
| 15:42 | Create | Skirmisher |
| 15:59 | Build | Farm |
| 16:01 | Build | Farm |
| 16:17 | Create | Villager (Male) |
| 16:22 | Create | Skirmisher |
| 16:56 | Create | Skirmisher |
| 17:02 | Create | Skirmisher |
| 17:34 | Create | Skirmisher |
| 17:42 | Research | Castle Age |
| 18:00 | Create | Skirmisher |
| 18:27 | Build | Lumber Camp |
| 18:28 | Create | Skirmisher |
| 18:49 | Create | Skirmisher |
| 19:27 | Build | Watch Tower |
| 19:37 | Create | Skirmisher |
| 19:37 | Create | Skirmisher |
| 19:41 | Build | Lumber Camp |
| 20:22 | Age | Castle Age |
| 20:29 | Research | Elite Skirmisher (upgrade) |
| 20:29 | Research | Bodkin Arrow |
| 20:29 | Research | Bodkin Arrow |
| 20:30 | Create | Villager (Male) |
| 20:40 | Research | Bow Saw |
| 20:41 | Build | Farm |
| 20:43 | Create | Villager (Male) |
| 20:56 | Create | Skirmisher |
| 21:06 | Create | Villager (Male) |
| 21:11 | Create | Skirmisher |
| 21:20 | Create | Villager (Male) |
| 21:34 | Build | Town Center |
| 22:00 | Create | Skirmisher |
| 22:12 | Create | Skirmisher |
| 22:15 | Create | Villager (Male) |
| 22:18 | Build | Farm |
| 22:18 | Build | Farm |
| 22:36 | Create | Villager (Male) |
| 22:36 | Create | Skirmisher |
| 22:49 | Create | Skirmisher |
| 23:07 | Create | Villager (Male) |
| 23:08 | Build | Farm |
| 23:26 | Create | Skirmisher |
| 23:30 | Build | University |
| 23:31 | Create | Villager (Male) |
| 23:35 | Create | Skirmisher |
| 23:44 | Create | Villager (Male) |
| 23:51 | Build | Farm |
| 23:52 | Build | Farm |
| 24:08 | Build | Monastery |
| 24:22 | Create | Villager (Male) |
| 24:26 | Build | Farm |
| 24:28 | Build | Farm |
| 24:30 | Create | Villager (Male) |
| 24:34 | Create | Villager (Male) |
| 24:43 | Create | Monk |
| 24:51 | Research | Wheelbarrow |
| 24:52 | Create | Villager (Male) |
| 24:59 | Research | Horse Collar |
| 25:11 | Research | Ballistics |
| 25:12 | Research | Ballistics |
| 25:12 | Create | Villager (Male) |
| 25:13 | Create | Villager (Male) |
| 25:16 | Create | Skirmisher |
| 25:16 | Create | Skirmisher |
| 25:40 | Create | Monk |
Build order — wisenatic
First 150 of 169 actions detected
| 0:00 | Create | Villager (Male) |
| 0:00 | Create | Villager (Male) |
| 0:01 | Create | Villager (Male) |
| 0:02 | Build | House |
| 0:03 | Build | House |
| 0:13 | Create | Villager (Male) |
| 1:23 | Create | Villager (Male) |
| 1:55 | Create | Villager (Male) |
| 2:23 | Create | Villager (Male) |
| 2:43 | Build | Lumber Camp |
| 2:50 | Create | Villager (Male) |
| 2:50 | Create | Villager (Male) |
| 2:51 | Create | Villager (Male) |
| 3:38 | Create | Villager (Male) |
| 3:38 | Create | Villager (Male) |
| 3:38 | Create | Villager (Male) |
| 3:46 | Build | House |
| 3:58 | Create | Villager (Male) |
| 4:28 | Create | Villager (Male) |
| 4:39 | Create | Villager (Male) |
| 5:10 | Build | Mill |
| 6:17 | Research | Feudal Age |
| 6:17 | Research | Feudal Age |
| 6:17 | Research | Feudal Age |
| 7:45 | Build | Barracks |
| 7:53 | Research | Loom |
| 7:59 | Build | Palisade Wall |
| 8:04 | Build | Palisade Wall |
| 8:08 | Build | House |
| 8:13 | Create | Villager (Male) |
| 8:23 | Build | Mining Camp |
| 8:27 | Age | Feudal Age |
| 8:32 | Research | Double-Bit Axe |
| 8:32 | Research | Double-Bit Axe |
| 8:33 | Research | Horse Collar |
| 8:33 | Research | Horse Collar |
| 8:33 | Research | Horse Collar |
| 8:50 | Create | Villager (Male) |
| 8:52 | Build | Archery Range |
| 9:16 | Create | Villager (Male) |
| 9:21 | Build | House |
| 9:25 | Build | Palisade Wall |
| 9:28 | Create | Villager (Male) |
| 9:33 | Create | Archer |
| 10:01 | Create | Villager (Male) |
| 10:06 | Build | Mining Camp |
| 10:09 | Create | Villager (Male) |
| 10:15 | Create | Spearman |
| 10:28 | Build | Farm |
| 11:01 | Create | Villager (Male) |
| 11:07 | Create | Villager (Male) |
| 11:16 | Create | Archer |
| 11:16 | Create | Archer |
| 11:18 | Build | Farm |
| 11:18 | Build | Farm |
| 11:22 | Build | Farm |
| 11:26 | Build | House |
| 11:42 | Build | House |
| 11:56 | Create | Villager (Male) |
| 11:57 | Build | Farm |
| 11:59 | Build | Farm |
| 12:06 | Create | Archer |
| 12:13 | Build | Farm |
| 12:19 | Build | Farm |
| 12:28 | Build | Palisade Wall |
| 12:34 | Build | Farm |
| 12:40 | Create | Villager (Male) |
| 12:40 | Create | Villager (Male) |
| 12:41 | Create | Archer |
| 12:44 | Build | Palisade Wall |
| 13:00 | Create | Villager (Male) |
| 13:19 | Build | Blacksmith |
| 13:21 | Create | Archer |
| 13:24 | Build | House |
| 13:26 | Build | Palisade Wall |
| 13:40 | Build | Farm |
| 13:49 | Create | Archer |
| 13:50 | Create | Villager (Male) |
| 14:05 | Create | Villager (Male) |
| 14:11 | Build | House |
| 14:18 | Build | Palisade Wall |
| 14:20 | Create | Archer |
| 14:26 | Research | Fletching |
| 14:31 | Create | Villager (Male) |
| 14:46 | Create | Skirmisher |
| 15:02 | Create | Skirmisher |
| 15:16 | Build | Stable |
| 15:45 | Create | Skirmisher |
| 15:46 | Create | Villager (Male) |
| 15:46 | Create | Villager (Male) |
| 15:50 | Build | Farm |
| 15:51 | Create | Scout Cavalry |
| 15:51 | Create | Scout Cavalry |
| 15:53 | Build | Farm |
| 16:12 | Build | Farm |
| 16:21 | Create | Villager (Male) |
| 16:22 | Create | Skirmisher |
| 16:22 | Create | Skirmisher |
| 16:24 | Build | Farm |
| 16:25 | Build | Farm |
| 16:27 | Build | Farm |
| 16:33 | Create | Villager (Male) |
| 16:53 | Create | Scout Cavalry ×2 |
| 16:54 | Create | Archer ×4 |
| 17:01 | Build | House |
| 17:09 | Build | House |
| 17:11 | Build | Palisade Wall |
| 17:37 | Research | Wheelbarrow |
| 17:46 | Create | Skirmisher |
| 17:55 | Create | Scout Cavalry |
| 18:00 | Create | Archer ×5 |
| 18:09 | Create | Villager (Male) |
| 18:32 | Create | Archer |
| 18:52 | Build | Farm |
| 18:53 | Create | Villager (Male) |
| 19:27 | Create | Villager (Male) |
| 19:28 | Create | Villager (Male) |
| 19:33 | Research | Bloodlines |
| 20:28 | Create | Villager (Male) |
| 20:28 | Create | Villager (Male) |
| 20:30 | Build | Farm |
| 20:53 | Build | Mining Camp |
| 21:01 | Build | House |
| 21:12 | Research | Castle Age |
| 21:12 | Research | Castle Age |
| 21:12 | Research | Castle Age |
| 21:14 | Create | Skirmisher |
| 21:33 | Build | House |
| 21:34 | Create | Scout Cavalry |
| 21:36 | Create | Skirmisher |
| 21:37 | Create | Skirmisher |
| 21:41 | Research | Town Watch |
| 21:46 | Build | House |
| 23:23 | Create | Skirmisher |
| 23:27 | Research | Scale Barding Armor |
| 23:29 | Build | Farm |
| 23:30 | Build | Farm |
| 23:39 | Build | House |
| 23:42 | Build | Palisade Wall |
| 23:50 | Build | Stable |
| 23:55 | Create | Villager (Male) |
| 23:58 | Age | Castle Age |
| 24:04 | Create | Knight |
| 24:04 | Create | Knight |
| 24:10 | Research | Elite Skirmisher (upgrade) |
| 24:26 | Create | Knight |
| 24:28 | Create | Villager (Male) |
| 24:49 | Create | Skirmisher |
| 24:50 | Create | Skirmisher |
| 25:07 | Create | Knight |
Match timeline
| 5:12 | FYI Inc · first_building Barracks |
| 7:45 | wisenatic · first_building Barracks |
| 7:59 | wisenatic · wall_segment Palisade Wall x1 |
| 8:04 | wisenatic · wall_segment Palisade Wall x1 |
| 8:27 | wisenatic · age_up feudal |
| 8:52 | wisenatic · first_building Archery Range |
| 9:25 | wisenatic · wall_segment Palisade Wall x1 |
| 10:17 | FYI Inc · age_up feudal |
| 10:23 | FYI Inc · first_building Archery Range |
| 11:43 | FYI Inc · first_market_sell 100 stone |
| 11:44 | FYI Inc · first_market_buy 100 food |
| 12:28 | wisenatic · wall_segment Palisade Wall x1 |
| 12:44 | wisenatic · wall_segment Palisade Wall x1 |
| 13:26 | wisenatic · wall_segment Palisade Wall x1 |
| 14:18 | wisenatic · wall_segment Palisade Wall x6 |
| 15:16 | wisenatic · first_building Stable |
| 17:11 | wisenatic · wall_segment Palisade Wall x1 |
| 20:22 | FYI Inc · age_up castle |
| 23:42 | wisenatic · wall_segment Palisade Wall x1 |
| 23:58 | wisenatic · age_up castle |
| 24:08 | FYI Inc · first_building Monastery |
| 25:29 | wisenatic · first_building Castle |
| 25:42 | wisenatic · first_building Siege Workshop |
| 27:09 | FYI Inc · first_building Castle |
| 27:27 | wisenatic · resign |
[ AI ANALYSIS · 1 CREDIT ]
What really happened in this match?
Wolo.gg analyzes every decision: build order, eco, micro, common mistakes by bracket. Personalized analysis on WhatsApp or Discord in 30 seconds.
Civ guide
Saracens
Perfil
Jugador #221997